 Dungeon Crawl Stone Soup version 0.24-a0-639-gb70a11d811 (webtiles) character file.

Game seed: 17606523344196865702, levelgen mode: deterministic

385 MordorOrchid the Stinger (level 6, -6/39 HPs)
             Began as an Octopode Venom Mage on Sept 23, 2019.
             Mangled by an ogre
             ... wielding a +0 giant spiked club
              (12 damage)
             ... on level 4 of the Dungeon.
             The game lasted 00:16:07 (2167 turns).

MordorOrchid the Stinger (Octopode Venom Mage)      Turns: 2167, Time: 00:16:08

Health: -6/39      AC:  1    Str:  7    XL:     6   Next: 77%
Magic:  1/11       EV: 14    Int: 20    God:
Gold:   230        SH:  0    Dex: 12    Spells: 0/11 levels left

rFire    . . .     SeeInvis .   p - +0 dagger
rCold    . . .     Gourm    .   (no shield)
rNeg     . . .     Faith    .   (helmet restricted)
rPois    .         Spirit   .   (no amulet)
rElec    .         Reflect  .   (no ring)
rCorr    .         Harm     .   (no ring)
MR       .....                  (no ring)
Stlth    +++.......             (no ring)
HPRegen  0.13/turn              (no ring)
MPRegen  0.12/turn              (no ring)
                                (no ring)
                                (no ring)

@: no status effects
A: almost no armour, stealthy swim, amphibious, 8 rings, constrict 8, camouflage
1, gelatinous body 1
a: no special abilities


You were on level 4 of the Dungeon.
You were not hungry.

You visited 1 branch of the dungeon, and saw 4 of its levels.

You collected 230 gold pieces.

Inventory:

Hand Weapons
 o - a +2 hunting sling of freezing
 p - a +0 dagger (weapon)
 y - a +2 dagger of venom
Missiles
 d - 8 curare-tipped darts (quivered)
 e - 51 bolts
 l - 3 atropa-tipped darts
 m - a throwing net
 t - 30 stones
Armour
 x - a +0 buckler
Wands
 a - a wand of acid (9)
Scrolls
 h - a scroll of teleportation
 n - a scroll of remove curse {unknown}
 r - a scroll of random uselessness {unknown}
 v - a scroll of magic mapping {unknown}
Potions
 c - a potion of agility
 g - 3 potions of cancellation
 i - 3 potions of flight
 j - 2 potions of ambrosia
 k - a potion of mutation
 q - 2 potions of curing {unknown}
 s - a potion of heal wounds
 u - a potion of lignification {unknown}
 w - a potion of invisibility {unknown}
Comestibles
 b - 5 rations


   Skills:
 - Level 2.0 Fighting
 * Level 0.7 Short Blades
 * Level 3.3 Dodging
 - Level 3.0 Stealth
 + Level 3.4 Spellcasting
 * Level 3.0 Conjurations
 * Level 0.7 Necromancy
 * Level 1.6 Air Magic
 + Level 4.5 Poison Magic


You couldn't memorise any spells.
You knew the following spells:

 Your Spells              Type           Power        Failure   Level  Hunger
a - Sting                 Conj/Pois      ###.         3%          1    None
b - Olgreb's Toxic Radia  Pois           ###.....     22%         4    ####...
g - Mephitic Cloud        Conj/Pois/Air  ###.....     12%         3    ###....
p - Poisonous Vapours     Pois/Air       ###...       6%          2    ##.....
u - Animate Skeleton      Necr           N/A          10%         1    None

Your spell library contained the following spells:

 Spells                   Type           Power        Failure   Level  Hunger
 Pain                     Necr           #...         10%         1    None
 Vampiric Draining        Necr           #.........   30%         3    ###....
 Regeneration             Chrm/Necr      #.........   34%         3    ###....
 Venom Bolt               Conj/Pois      ###.......   63%         5    ######.
 Animate Dead             Necr           N/A          69%         4    ####...


Dungeon Overview and Level Annotations

Branches:
Dungeon (4/15)
 Temple: D:4-7

Altars:
Dithmenos


Innate Abilities, Weirdness & Mutations

You cannot wear most types of armour.
You are very stealthy in the water. (Stealth+)
You are amphibious.
You can wear up to eight rings at the same time.
You can use your tentacles to constrict eight enemies at once.
Your skin changes colour to match your surroundings (Stealth+).
Your rubbery body absorbs attacks. (AC +1, EV +1)


Message History

Aiming: Sting (safe; 3% risk of failure)
Press: ? - help, Shift-Dir - straight line, f - ogre
Aim: an ogre, wielding a +0 giant spiked club (severely wounded, confused)
The sting hits the ogre.
The ogre is severely wounded.
The ogre completely misses you.
You see here an adder corpse.
You hit the ogre.
The ogre is severely wounded.
You hit the ogre but do no damage.
The ogre is severely wounded.
The ogre hits you with a +0 giant spiked club!!
Ouch! That really hurt!
* * * LOW HITPOINT WARNING * * *
You hit the ogre but do no damage. You squeeze the ogre.
The ogre is almost dead.
You hit the ogre but do no damage.
The ogre is almost dead.
The ogre hits you with a +0 giant spiked club!
You die...

#.#
#####..######.#
#.# #......####
#.##.
##########.#
#.###..##.##..#..
...........# #.#
#..#......h.
.########### #†#
#...#.#.#O##. ##
#.# #..##........
#.# ##..#.#.#..#
#O####.#......#
#.@....##.#####
###########
####### ......#
#####.# # #.# #
#.#


You could see an ogre (confused).

Vanquished Creatures
  A sky beast (D:3)
  A scorpion (D:4)
  A howler monkey (D:4)
  A hound (D:3)
  An orc wizard (D:3)
  A worker ant (D:4)
  4 adders
  A worm (D:2)
  2 leopard geckos
  3 orcs (D:3)
  5 giant cockroaches
  2 goblins
  6 hobgoblins
  8 jackals
  10 kobolds
  A quokka (D:2)
  2 ball pythons (D:3)
  19 bats
  4 frilled lizards
  A leopard gecko skeleton (D:4)
  11 rats
85 creatures vanquished.

Notes
Turn   | Place    | Note
-------+----------+-------------------------------------------
     0 | D:1      | MordorOrchid the Octopode Venom Mage began the quest for
                  | the Orb.
     0 | D:1      | Reached XP level 1. HP: 11/11 MP: 3/3
   232 | D:1      | Reached XP level 2. HP: 17/17 MP: 0/5
   236 | D:1      | Learned a level 2 spell: Poisonous Vapours
   664 | D:2      | Reached XP level 3. HP: 18/21 MP: 4/6
   671 | D:2      | Learned a level 3 spell: Mephitic Cloud
  1025 | D:2      | Reached XP level 4. HP: 25/27 MP: 1/8
  1366 | D:3      | Noticed a sky beast
  1379 | D:3      | Killed a sky beast
  1379 | D:3      | Reached skill level 1 in Fighting
  1379 | D:3      | Reached skill level 1 in Air Magic
  1379 | D:3      | Reached skill level 4 in Poison Magic
  1379 | D:3      | Reached XP level 5. HP: 33/33 MP: 1/9
  1540 | D:3      | Found a shadowy altar of Dithmenos.
  1703 | D:3      | Reached XP level 6. HP: 33/39 MP: 8/10
  1712 | D:3      | Learned a level 4 spell: Olgreb's Toxic Radiance
  1714 | D:3      | Learned a level 1 spell: Animate Skeleton
  2167 | D:4      | Mangled by an ogre

Levels and vault maps discovered:
D:1:      saegor_arrival_simple_c, layout_basic
D:2:      layout_basic, st_stairs_11
D:3:      layout_loops_ring, nicolae_dithmenos_shadow_blocks
D:4:      layout_loops_corners, serial_glass, glass_columns_a, glass_columns_b,
          glass_columns_a, glass_columns_a, glass_columns_a, serial_shops,
          kennysheep_mini_moat, first_ration, minmay_circle_x

Skill      XL: |  1  2  3  4  5  6 |
---------------+-------------------+-----
Stealth        | 3 |  3.0
Fighting       | 1 2 |  2.0
Spellcasting   | 3 |  3.4
Conjurations   | 2 3 |  3.0
Air Magic      | 1 |  1.6
Poison Magic   | 4 |  4.5
Dodging        | 3 |  3.3
Short Blades   | |  0.7
Necromancy     | |  0.7

Action                   |  1- 3 |  4- 6 || total
-------------------------+-------+-------++-------
Melee: Club              |    26 |       ||    26
       Unarmed           |     2 |       ||     2
       Constrict         |    11 |    14 ||    25
       Tentacles         |     4 |    11 ||    15
       Dagger            |    12 |    64 ||    76
 Cast: Sting             |    48 |    31 ||    79
       Poisonous Vapours |     3 |    16 ||    19
       Mephitic Cloud    |       |     1 ||     1
  Use: Scroll            |     4 |     2 ||     6
       Potion            |       |     1 ||     1
 Stab: Sleeping          |     3 |     8 ||    11
       Confused          |       |     1 ||     1
  Eat: Chunk             |     1 |     4 ||     5
Armor: Skin              |     7 |    11 ||    18
Dodge: Dodged            |    21 |    54 ||    75

Table legend:
 A = Non-vault XP
 B = Vault XP
 C = Vault XP percentage of total XP
 D = Non-vault monster count
 E = Vault monster count
 F = Vault count percentage of total count
                 A         B        C        D         E       F
            +---------+---------+-------+---------+---------+-------
      Total |     519 |      31 |   5.6 |      80 |       5 |   5.9
            +---------+---------+-------+---------+---------+-------
        D:1 |      30 |       0 |   0.0 |      19 |       0 |   0.0
        D:2 |      64 |      17 |  21.0 |      32 |       4 |  11.1
        D:3 |     259 |       0 |   0.0 |      23 |       0 |   0.0
        D:4 |     166 |      14 |   7.8 |       6 |       1 |  14.3
            +---------+---------+-------+---------+---------+-------
